 Dungeon Crawl Stone Soup version 0.21-a0-442-g848f44b (webtiles) character file.

23 Almighty the Chopper (level 3, 31/31 HPs)
             Began as a Hill Orc Fighter on Oct 27, 2017.
             Quit the game on level 1 of the Dungeon on Nov 16, 2017.
             The game lasted 00:09:09 (458 turns).

Almighty the Chopper (Hill Orc Fighter)              Turns: 458, Time: 00:09:09

Health: 31/31      AC: 10    Str: 19    XL:     3   Next: 0%
Magic:  3/3        EV:  7    Int:  8    God:
Gold:   33         SH:  9    Dex: 10    Spells: 2/2 levels left

rFire    . . .     SeeInvis +   a - +0 war axe
rCold    . . .     Gourm    .   c - +0 shield
rNeg     . . .     Faith    .   b - +0 scale mail
rPois    .         Spirit   .   (no helmet)
rElec    .         Reflect  .   (no cloak)
rCorr    .         Harm     .   i - +2 pair of gloves
MR       .....                  (no boots)
Stlth    ..........             (no amulet)
HPRegen  0.10/turn              o - ring of see invisible
MPRegen  0.08/turn              (no ring)

@: no status effects
A: no striking features
a: no special abilities


You were on level 1 of the Dungeon.
You were not hungry.

You visited 1 branch of the dungeon, and saw 1 of its levels.

You collected 33 gold pieces.

Inventory:

Hand Weapons
 a - a +0 war axe (weapon)
Armour
 b - a +0 scale mail (worn)
 c - a +0 shield (worn)
 i - a +2 pair of gloves (worn)
Jewellery
 o - a ring of see invisible (left hand)
Scrolls
 g - 2 scrolls of recharging {unknown}
 h - a scroll of amnesia {unknown}
 k - a scroll of random uselessness {unknown}
 m - 2 scrolls of fear {unknown}
 n - a scroll of blinking {unknown}
 p - a scroll of identify {unknown}
Potions
 d - a potion of might
 e - a potion of heal wounds {unknown}
 l - a potion of mutation {unknown}
 q - a potion of agility {unknown}
Comestibles
 f - a bread ration
 j - 4 fruits


   Skills:
 - Level 3.6 Fighting
 + Level 4.5 Axes
 - Level 3.2 Armour
 - Level 3.2 Shields


You had 2 spell levels left.
You didn't know any spells.

Dungeon Overview and Level Annotations

Branches:
Dungeon (1/15)

Altars:


Message History

q - a smoky pink potion A goblin comes into view.
It is wielding a club.
The goblin shouts!
Found a meat ration.
A rat comes into view.
Found a metallic yellow potion.
Your shield and scale mail prevent you from hitting the goblin.
You block the goblin's attack. The goblin hits you but does no damage.
You hit the goblin.
You kill the goblin!
You have reached level 3!
Your experience leads to an increase in your attributes!
Increase (S)trength, (I)ntelligence, or (D)exterity?
Welcome back, Almighty the Hill Orc Fighter.
Press ? for a list of commands and other information.
You have reached level 3!
Your experience leads to an increase in your attributes!
Increase (S)trength, (I)ntelligence, or (D)exterity?
You feel stronger.
Are you sure you want to abandon this character and quit the game? (Confirm with "yes".)

###### #..........#
#..... #..........#
#..... #..........###
###..... #...%........
....#... #........!.#
#..... #..........######
#... #.....r....#....#
#... #@# #....# #... #.#
#....# #... #.#
###....####... #.#
#.............
#.###.#....####...
#.##..#....# #...
#....##....####...
#########...##...........
#.......#...#............


You could see a rat.

Vanquished Creatures
  2 dart slugs (D:1)
  2 giant cockroaches (D:1)
  2 goblins (D:1)
  A hobgoblin (D:1)
  3 bats (D:1)
  2 frilled lizards (D:1)
  3 kobolds (D:1)
  5 rats (D:1)
20 creatures vanquished.

Notes
Turn   | Place    | Note
-------+----------+-------------------------------------------
     0 | D:1      | Almighty the Hill Orc Fighter began the quest for the Orb.
     0 | D:1      | Reached XP level 1. HP: 19/19 MP: 1/1
    80 | D:1      | Reached skill level 3 in Axes
    99 | D:1      | Reached XP level 2. HP: 25/26 MP: 2/2
   145 | D:1      | Reached skill level 4 in Axes
   458 | D:1      | Upgraded the game from 0.21-a0-404-g291f19a to 0.21-a0-442-g848f44b
   458 | D:1      | Reached XP level 3. HP: 31/31 MP: 3/3
   458 | D:1      | Quit the game

Vault maps used:
D:1:      shiori_arrival_maze

Skill      XL: |  1  2 |
---------------+-------+-----
Axes           | 3 4 |  4.5
Fighting       | |  3.6
Armour         | |  3.2
Shields        | |  3.2

Action                   || total
-------------------------++-------
Melee: War axe           ||    61
Armor: Scale mail        ||    31
Dodge: Dodged            ||    26
Block: Shield            ||    37

Table legend:
 A = Spawn XP
 B = Non-spawn XP
 C = Spawn XP percentage of total XP
 D = Spawn monster count
 E = Non-spawn monster count
 F = Spawn count percentage of total count
 G = Total turns spent on level
                    A         B        C        D         E        F      G
               +---------+---------+-------+---------+---------+-------+---------
         Total |       0 |      34 |   0.0 |       0 |      20 |   0.0 |   458
               +---------+---------+-------+---------+---------+-------+---------
           D:1 |       0 |      34 |   0.0 |       0 |      20 |   0.0 |   458
               +---------+---------+-------+---------+---------+-------+---------
